 Dungeon Crawl Stone Soup version 0.30-a0-739-gea05faddec (webtiles) character file.

Game seed: 9225937365313177413

232 cforsyth the Firebug (level 6, -2/32 HPs)
             Began as a Tengu Fire Elementalist on Feb 4, 2023.
             Slain by a gnoll
             ... wielding a +0 spear
             ... led by a gnoll bouda
              (6 damage)
             ... on level 4 of the Dungeon.
             The game lasted 00:05:06 (3666 turns).

cforsyth the Firebug (Tengu Fire Elementalist)      Turns: 3666, Time: 00:05:06

Health: -2/32      AC:  3    Str:  9    XL:     6   Next: 4%
Magic:  1/12       EV: 14    Int: 17    God:
Gold:   174        SH:  0    Dex: 14    Spells: 9/12 levels left

rFire   . . .      SeeInvis .    (no weapon)
rCold   . . .      Faith    .    (no shield)
rNeg    . . .      Spirit   .    a - +0 robe
rPois   .          Reflect  .    (helmet restricted)
rElec   .          Harm     .    h - +0 cloak
rCorr   .          Rampage  .    (no gloves)
Will    .....                    (boots unavailable)
Stlth   ++                       (no amulet)
HPRegen 0.25/turn                (no ring)
MPRegen 0.13/turn                (no ring)

@: flying quickly and evasively, quick
A: beak, talons 3, nimble flight
a: no special abilities


You were on level 4 of the Dungeon.
You visited 1 branch of the dungeon, and saw 4 of its levels.

You collected 174 gold pieces.

Inventory:

Armour
 a - a +0 robe (worn)
 h - a +0 cloak (worn)
Wands
 i - a wand of polymorph (9)
Scrolls
 c - 2 scrolls of immolation {unknown}
 d - 5 scrolls of identify {unknown}
 f - a scroll of poison {unknown}
 g - a scroll of magic mapping {unknown}
 j - a scroll of fear {unknown}
 k - a scroll of noise {unknown}
 m - a scroll of enchant weapon {unknown}
 n - a scroll of teleportation {unknown}
 o - a scroll of vulnerability {unknown}
Potions
 b - 2 potions of magic
 e - 3 potions of brilliance {unknown}
 l - a potion of curing {unknown}


   Skills:
 - Level 2.1 Dodging
 - Level 2.0 Stealth
 + Level 3.5 Spellcasting
 + Level 4.2 Conjurations
 + Level 4.7 Fire Magic
 + Level 2.0 Air Magic


You had 9 spell levels left.
You knew the following spells:

 Your Spells              Type           Power      Damage    Failure   Level
a - Foxfire               Conj/Fire      72%        2x1d7     2%          1
b - Scorch                Fire           38%        2d7       3%          2

Your spell library contained the following spells:

 Spells                   Type           Power      Damage    Failure   Level
 Shock                    Conj/Air       52%        1d6       4%          1
 Inner Flame              Hex/Fire       11%        N/A       19%         3
 Kindle Blastsparks       Fire/Tloc/Air  20%        2d11      21%         3
 Swiftness                Air            9%         N/A       22%         3
 Flame Wave               Conj/Fire      18%        2d7       26%         4
 Airstrike                Air            4%         2d(1-17)  58%         4


Dungeon Overview and Level Annotations

Branches:
Dungeon (4/15)
 Temple: D:4-7

Altars:


Innate Abilities, Weirdness & Mutations

You have a beak for a mouth.
You have claws for feet.
Your magical nature lets you fly swiftly and evasively.


Message History

You are out of magic!
You are out of magic!
The foxfire hits the gnoll bouda but does no damage.
The gnoll bouda is almost dead.
The foxfire hits the gnoll bouda but does no damage.
The gnoll bouda is almost dead.
The gnoll bouda barks out a call to the hunt!
You hear a shout!
Casting: Foxfire (safe; 2% risk of failure)
Confirm with . or Enter, or press ? or * to list all spells.
You conjure some foxfire!
The foxfire hits the gnoll bouda.
The gnoll bouda is almost dead.
The gnoll hits you from afar with a +0 spear.
You hit the gnoll bouda but do no damage.
You claw the gnoll bouda.
You kill the gnoll bouda!
The foxfire hits the gnoll.
The gnoll is heavily wounded.
The gnoll closely misses you.
Your Air Magic skill increases to level 2!
You have reached level 6!
A gnoll comes into view. It is wielding a +0 halberd.
The gnoll barely misses you.
The gnoll shouts!
The gnoll completely misses you. The gnoll barely misses you.
A gnoll comes into view. It is wielding a +0 whip.
The gnoll shouts!
The gnoll hits you from afar with a +0 halberd.
The gnoll attacks as you move away! The gnoll barely misses you. x2
The gnoll hits you from afar with a +0 halberd!
The gnoll barely misses you.
Found 4 gold pieces.
The gnoll hits you from afar with a +0 halberd!
* * * LOW HITPOINT WARNING * * *
The gnoll barely misses you.
The gnoll is no longer moving quickly.
There is a stone staircase leading up here.
The gnoll barely misses you.
The gnoll hits you from afar with a +0 spear.
You die...

#. .. .. .. #.
.# #. .. ~# #.
.#.~# #. .#..#
######.#.#..#
.......@....#
######.g....###
#.gg....$.
#.....###.
#...>.....
#....####.###
#....<.†.....
#....####.###
#####..).#


You could see 3 gnolls.

Vanquished Creatures
  Jessica (D:3)
  A gnoll bouda (D:4)
  8 gnolls
  2 adders
  2 worms (D:2)
  6 dart slugs
  9 bats
  3 endoplasms
  A giant cockroach (D:2)
  9 hobgoblins
  5 jackals
  2 kobolds
  4 quokkas
  2 ball pythons
  6 frilled lizards
  4 goblins
  4 rats
69 creatures vanquished.

Vanquished Creatures (others)
  334 foxfires
334 creatures vanquished.

Grand Total: 403 creatures vanquished

Notes
Turn   | Place    | Note
-------+----------+-------------------------------------------
     0 | D:1      | cforsyth the Tengu Fire Elementalist began the quest for
                  | the Orb.
     0 | D:1      | Reached XP level 1. HP: 10/10 MP: 4/4
   275 | D:1      | Reached XP level 2. HP: 15/15 MP: 1/6
   761 | D:1      | Reached XP level 3. HP: 16/19 MP: 3/7
  1677 | D:2      | Reached XP level 4. HP: 24/24 MP: 4/9
  2748 | D:3      | Gained mutation: Your magical nature lets you fly swiftly
                  | and evasively. [Tengu growth]
  2748 | D:3      | Reached XP level 5. HP: 26/28 MP: 5/10
  2752 | D:3      | Learned a level 2 spell: Scorch
  2860 | D:3      | Noticed Jessica
  2862 | D:3      | Killed Jessica
  3142 | D:3      | Reached skill level 1 in Air Magic
  3656 | D:4      | Reached XP level 6. HP: 26/32 MP: 0/12
  3666 | D:4      | Slain by a gnoll

Illustrated notes

Levels and vault maps discovered:
D:1:      dpeg_arrival_connections, layout_loops_ring, minmay_misc_feat_hallway
D:2:      layout_loops_ring
D:3:      layout_basic, uniq_jessica
D:4:      cheibrodos_thug_alley, layout_basic, nicolae_shop_i_like_big_books,
          chequers_decorated_corner, wad_floor_pattern_2,
          uniq_crazy_yiuf_cottage

Skill      XL: |  1  2  3  4  5 |
---------------+----------------+-----
Conjurations   | 2 3 4 |  4.2
Fire Magic     | 4 |  4.7
Spellcasting   | 3 |  3.5
Air Magic      | 2 |  2.0
Dodging        | |  2.1
Stealth        | |  2.0

Action                     |  1- 3 |  4- 6 || total
---------------------------+-------+-------++-------
  Melee: Unarmed           |    10 |     1 ||    11
         Kick              |     5 |     1 ||     6
         Peck              |     3 |       ||     3
         Punch             |     1 |       ||     1
   Cast: Foxfire           |    81 |   118 ||   199
 Armour: Robe              |     9 |     4 ||    13
  Dodge: Dodged            |    18 |    23 ||    41

Table legend: (Time is in decaauts)
 A = Elapsed time spent in this place.
 B = Non-inter-level travel time spent in this place.
 C = Inter-level travel time spent in this place.
 D = Time resting spent in this place.
 E = Time spent auto-exploring this place.
 F = Levels seen in this place.
 G = Mean time per level.
                   A        B        C        D        E       F      G
               +--------+--------+--------+--------+--------+-----+--------+
         Total |   3621 |   3556 |     65 |      0 |   3027 |   4 |  905.2 |
       Dungeon |   3621 |   3556 |     65 |      0 |   3027 |   4 |  905.2 |
               +--------+--------+--------+--------+--------+-----+--------+

Top non-repeatable levels by time:
     D:2: 1328 daAuts
     D:1: 1272 daAuts
     D:3: 943 daAuts
     D:4: 77 daAuts
